 Dungeon Sprint DCSS version 0.28.0-53-g5a82cb258f (webtiles) character file.

Game seed: 7803620810939535473

1705 Zeld the Warrior (level 8, -3/136 HPs)
             Began as a Minotaur Berserker on June 5, 2022.
             Was an Elder of Trog.
             Slain by a nine-headed hydra (8 damage)
             ... in the Dungeon (Sprint IX: "|||||||||||||||||||||||||||||").
             The game lasted 00:01:09 (1388 turns).

Zeld the Warrior (Minotaur Berserker)               Turns: 1388, Time: 00:01:10

Health: -3/136     AC:  3    Str: 25    XL:     8   Next: 73%
Magic:  7/7        EV: 14    Int:  4    God:    Trog [****..]
Gold:   0          SH:  0    Dex:  9    Spells: 7/7 levels left

rFire   . . .      SeeInvis .   a - +1 broad axe (vorpal)
rCold   . . .      Faith    .   (no shield)
rNeg    . . .      Spirit   .   b - +0 animal skin
rPois   .          Reflect  .   (helmet restricted)
rElec   .          Harm     .   (no cloak)
rCorr   .          Rampage  .   k - +0 pair of gloves
Will    ++...      NoTele   +   (no boots)
Stlth   ..........              (no amulet)
HPRegen 1.32/turn               (no ring)
MPRegen 0.10/turn               (no ring)

@: berserking (expiring), strong-willed, regenerating, very quick
A: horns 2, retaliatory headbutt
a: Renounce Religion, Berserk, Trog's Hand, Brothers in Arms


You were in the Dungeon.
You worshipped Trog.
Trog was greatly pleased with you.
You visited 1 branch

Inventory:

Hand Weapons
 a - a +1 vorpal broad axe (weapon)
Armour
 b - a +0 animal skin (worn)
 k - a +0 pair of gloves (worn)
Wands
 j - a wand of acid (10)
Scrolls
 h - a scroll of blinking
Potions
 c - 5 potions of curing
 d - 3 potions of heal wounds
 e - a potion of haste
 f - 4 potions of magic
 g - a potion of berserk rage
 i - a potion of invisibility


   Skills:
 * Level 15.1 Fighting
 * Level 15.0 Axes
 - Level 2.4 Armour
 + Level 9.9 Dodging


You had 7 spell levels left.
You didn't know any spells.
Your spell library was empty.

Dungeon Overview and Level Annotations

Branches:
Dungeon (1/1)

Altars:
Cheibriados
Dithmenos
Elyvilon
Fedhas
Gozag
Hepliaklqana
Kikubaaqudgha
Makhleb
Nemelex Xobeh
Okawaru
Qazlal
Ru
Sif Muna
Trog
Uskayaw
Vehumet
Wu Jian
Xom
Yredelemnul
Zin
The Shining One
Beogh
Jiyva
Lugonu


Innate Abilities, Weirdness & Mutations

You have a pair of horns on your head.
You reflexively headbutt those who attack you in melee.


Message History

You slash the cyclops! You headbutt the cyclops.
The cyclops is severely wounded.
The cyclops hits you!
* * * LOW HITPOINT WARNING * * *
You hit the cyclops.
The cyclops is almost dead.
You barely miss the cyclops. You headbutt the cyclops.
The cyclops is almost dead.
The boulder beetle leaps!
The cyclops barely misses you.
You slice the cyclops!!
You kill the cyclops!
Trog accepts your kill.
Your Fighting skill increases to level 14!
Your Axes skill increases to level 14!
Your Dodging skill increases to level 9!
You have reached level 8!
You feel stronger.
You slash the cyclops! You punch the cyclops.
The cyclops is heavily wounded.
The boulder beetle curls into a ball and begins rolling!
Unknown command.
You slice the cyclops!!
You kill the cyclops!
Trog accepts your kill.
Your Fighting skill increases to level 15!
Your Axes skill increases to level 15!
Unknown command.
You hit the boulder beetle but do no damage.
You headbutt the boulder beetle!
The boulder beetle is lightly wounded.
You chop one of the eight-headed hydra's heads off!
The seven-headed hydra grows two more!
You slice the nine-headed hydra!!
The boulder beetle hits you but does no damage.
The boulder beetle stops rolling and uncurls.
The nine-headed hydra completely misses you. x2
The nine-headed hydra barely misses you.
The nine-headed hydra bites you!
* * * LOW HITPOINT WARNING * * *
The nine-headed hydra bites you!
You die...

▓+▓
▓.▓
▓.▓
▓.▓
▓.▓
▓H▓
▓D▓
▓@▓
▓B▓
▓°▓
▓.▓
▓.▓
▓.▓
▓)▓
▓)▓
▓=▓


You could see a boulder beetle, a nine-headed hydra and a manticore.

Vanquished Creatures
  An ugly thing (D)
  2 cyclopes (D)
  A vampire mosquito (D)
  An orc warrior (D)
  A scorpion (D)
  A gnoll shaman (D)
  An adder (D)
  A white imp (D)
  A dart slug (D)
  An orc (D)
  2 ball pythons (D)
  A frilled lizard (D)
  2 rats (D)
16 creatures vanquished.

Vanquished Creatures (collateral kills)
  A steam dragon (D)
  An orc warrior (D)
  A ball python zombie (D)
3 creatures vanquished.

Grand Total: 19 creatures vanquished

Notes
Turn   | Place    | Note
-------+----------+-------------------------------------------
     0 | D        | Zeld the Minotaur Berserker began the quest for the Orb.
     0 | D        | Reached XP level 1. HP: 19/19 MP: 0/0
     6 | D        | Reached ** piety under Trog
   174 | D        | Noticed a scorpion
   177 | D        | Reached XP level 2. HP: 28/28 MP: 1/1
   177 | D        | Reached *** piety under Trog
   178 | D        | Reached skill level 5 in Fighting
   178 | D        | Reached skill level 5 in Axes
   186 | D        | Killed a scorpion
   187 | D        | Reached XP level 3. HP: 28/39 MP: 2/2
   187 | D        | Reached XP level 4. HP: 33/47 MP: 3/3
   253 | D        | Found a snail-covered altar of Cheibriados.
   253 | D        | Found a shadowy altar of Dithmenos.
   253 | D        | Found a white marble altar of Elyvilon.
   253 | D        | Found a blossoming altar of Fedhas.
   253 | D        | Found an opulent altar of Gozag.
   315 | D        | Found a hazy altar of Hepliaklqana.
   349 | D        | Found a viscous altar of Jiyva.
   350 | D        | Found an ancient bone altar of Kikubaaqudgha.
   351 | D        | Found a corrupted altar of Lugonu.
   352 | D        | Found a burning altar of Makhleb.
   353 | D        | Found a sparkling altar of Nemelex Xobeh.
   354 | D        | Found an iron altar of Okawaru.
   355 | D        | Found a stormy altar of Qazlal.
   356 | D        | Found a sacrificial altar of Ru.
   357 | D        | Found a shimmering blue altar of Sif Muna.
   358 | D        | Found a bloodstained altar of Trog.
   359 | D        | Found a hide-covered altar of Uskayaw.
   360 | D        | Found a radiant altar of Vehumet.
   361 | D        | Found an ornate altar of the Wu Jian Council.
   362 | D        | Found a shimmering altar of Xom.
   363 | D        | Found a basalt altar of Yredelemnul.
   364 | D        | Found a glowing silver altar of Zin.
   365 | D        | Found a glowing golden altar of the Shining One.
   496 | D        | Noticed a steam dragon
   496 | D        | Noticed an orc warrior
   496 | D        | Noticed a vampire mosquito
   496 | D        | Noticed an orc warrior
   501 | D        | Reached skill level 5 in Dodging
   503 | D        | Killed an orc warrior
   503 | D        | Reached **** piety under Trog
   504 | D        | Reached XP level 5. HP: 46/57 MP: 4/4
   511 | D        | Killed a vampire mosquito
   512 | D        | Reached skill level 10 in Fighting
   512 | D        | Reached skill level 10 in Axes
   512 | D        | Reached XP level 6. HP: 28/67 MP: 5/5
   516 | D        | HP: 1/67 [orc warrior/+0 mace (13)]
   521 | D        | Killed an orc warrior
   522 | D        | Killed a steam dragon
   523 | D        | Reached XP level 7. HP: 4/77 MP: 6/6
  1371 | D        | Noticed a boulder beetle
  1371 | D        | Noticed a manticore
  1371 | D        | Noticed an eight-headed hydra
  1371 | D        | Noticed a cyclops
  1371 | D        | Noticed a cyclops
  1371 | D        | Noticed a cyan ugly thing
  1379 | D        | Killed a cyan ugly thing
  1385 | D        | Killed a cyclops
  1386 | D        | Reached XP level 8. HP: 11/90 MP: 7/7
  1387 | D        | Killed a cyclops
  1388 | D        | Reached skill level 15 in Fighting
  1388 | D        | Reached skill level 15 in Axes
  1388 | D        | HP: 5/136 [nine-headed hydra (9)]
  1388 | D        | Slain by a nine-headed hydra

Illustrated notes

Levels and vault maps discovered:
D:        linesprint [early_d, line_temple, items_1, d_10, items_2, lair_1,
          lair_end, items_3, orc_1, orc_end, items_4, d_15, swamp_1, shoals_1,
          snake_1, spider_1, d_20, vaults_1, items_5, swamp_end, shoals_end,
          snake_end, spider_end, vaults_end, d_27, items_6, zot_1, zot_end,
          crypt_end, forest_end, elf_end, slime_end, tomb_end, abyss_end,
          pan_hell_end]

Skill      XL: |  1  2  3  4  5  6  7  8 |
---------------+-------------------------+-----
Fighting       | 4 7 9 10 12 14 15 | 15.1
Axes           | 4 7 9 10 12 14 15 | 15.0
Dodging        | 3 4 6 7 9 |  9.9
Armour         | |  2.4

Action                   |  1- 3 |  4- 6 |  7- 9 || total
-------------------------+-------+-------+-------++-------
Melee: Hand axe          |    16 |     1 |       ||    17
       Headbutt          |     1 |     2 |     4 ||     7
       Broad axe         |       |    17 |    14 ||    31
       Punch             |       |       |     1 ||     1
Invok: Berserk           |     1 |     1 |     1 ||     3
       Brothers in Arms  |       |     1 |       ||     1
       Trog's Hand       |       |       |     1 ||     1
  Use: Scroll            |       |     1 |       ||     1
Armor: Animal skin       |     1 |     3 |     3 ||     7
Dodge: Dodged            |     4 |     8 |     5 ||    17
